 Dungeon Crawl Stone Soup version 0.27-a0-1532-gca18f49f40 (webtiles) character file.

Game seed: 14817135363372273554

34 Wyvernaa the Sneak (level 3, -2/16 HPs)
             Began as a Vine Stalker Enchanter on July 12, 2021.
             Slain by a hound (5 damage)
             ... on level 2 of the Dungeon.
             The game lasted 00:02:18 (1798 turns).

Wyvernaa the Sneak (Vine Stalker Enchanter)         Turns: 1798, Time: 00:02:19

Health: -2/16      AC:  2    Str: 10    XL:     3   Next: 31%
Magic:  0/7        EV: 12    Int: 15    God:
Gold:   72         SH:  0    Dex: 15    Spells: 3/6 levels left

rFire    . . .     SeeInvis .   a - +1 dagger
rCold    . . .     Faith    .   (no shield)
rNeg     . . .     Spirit   +   b - +0 robe
rPois    .         Reflect  .   (no helmet)
rElec    .         Harm     .   (no cloak)
rCorr    .         Rampage  .   (no gloves)
Will     .....                  (no boots)
Stlth    +++.......             (no amulet)
HPRegen  0.05/turn              (no ring)
MPRegen  0.10/turn              (no ring)

@: no status effects
A: fangs 2, magic shield, antimagic bite, no potion heal 2
a: no special abilities


You were on level 2 of the Dungeon.
You visited 1 branch of the dungeon, and saw 2 of its levels.

You collected 72 gold pieces.

Inventory:

Hand Weapons
 a - a +1 dagger (weapon)
Armour
 b - a +0 robe (worn)
Scrolls
 c - a scroll of summoning {unknown}
 d - a scroll of teleportation
 g - a scroll of torment {unknown}
Potions
 e - a potion of magic
 f - a potion of cancellation {unknown}


   Skills:
 + Level 1.2 Short Blades
 + Level 1.7 Dodging
 * Level 4.7 Stealth
 + Level 2.4 Spellcasting
 + Level 3.1 Hexes


You had 3 spell levels left.
You knew the following spells:

 Your Spells              Type           Power      Damage    Failure   Level
a - Corona                Hex            12%        N/A       6%          1
b - Ensorcelled Hibernat  Hex/Ice        12%        N/A       17%         2

Your spell library contained the following spells:

 Spells                   Type           Power      Damage    Failure   Level
 Confusing Touch          Hex            11%        N/A       17%         3
 Tukima's Dance           Hex            11%        N/A       17%         3
 Dazzling Flash           Conj/Hex       12%        N/A       32%         3


Dungeon Overview and Level Annotations

Branches:
Dungeon (2/15)

Altars:


Innate Abilities, Weirdness & Mutations

You have extremely sharp teeth.
When hurt, damage is shared between your health and your magic reserves.
Your bite disrupts and absorbs the magic of your enemies.
Potions cannot restore your health.


Message History

A frilled lizard comes into view.
The frilled lizard hisses angrily.
You hit the hound but do no damage. Your bite misses the hound.
The hound bites you but does no damage. The hound barely misses you.
You closely miss the hound. You bite the hound. You drain its power.
The hound is lightly wounded.
The hound barely misses you.
You barely miss the hound. Your bite misses the hound.
The hound is lightly wounded.
The hound bites you.
You hit the hound.
The hound is moderately wounded.
The hound barely misses you. The hound bites you.
Cast which spell? (? or * to list)
Aiming: Corona (safe; 6% risk of failure)
Press: ? - help, Shift-Dir - straight line, f - hound
Aim: a hound (moderately wounded, chance to affect: 55%)
The hound struggles to resist.
The hound bites you.
Casting: Corona (safe; 6% risk of failure)
Confirm with . or Enter, or press ? or * to list all spells.
Aiming: Corona (safe; 6% risk of failure)
Press: ? - help, Shift-Dir - straight line, f/p - hound
Aim: a hound (moderately wounded, chance to affect: 55%)
The hound is outlined in light.
The hound closely misses you. The hound misses you.
You hit the hound. Your bite misses the hound.
The hound is moderately wounded.
The hound bites you.
You hit the hound.
The hound is heavily wounded.
The hound misses you. The hound closely misses you.
You barely miss the hound.
The hound is heavily wounded.
The hound barely misses you.
You hit the hound but do no damage.
The hound is heavily wounded.
The hound bites you.
* * * LOW HITPOINT WARNING * * *
The hound bites you.
You die...

#.# #.# #.# #.# #.#
#.# #.# #.# #.# #.#
#.# #.# #
########.###.#
#..####?...........#
#..lh@..######.#####
#.####### #.# ..#
####


You could see a hound (corona) and a frilled lizard.

Vanquished Creatures
  An adder (D:2)
  A giant cockroach (D:1)
  4 goblins
  5 hobgoblins
  3 kobolds (D:1)
  A quokka (D:1)
  2 ball pythons (D:1)
  2 bats (D:1)
  2 frilled lizards (D:1)
  3 rats
24 creatures vanquished.

Notes
Turn   | Place    | Note
-------+----------+-------------------------------------------
     0 | D:1      | Wyvernaa the Vine Stalker Enchanter began the quest for the
                  | Orb.
     0 | D:1      | Reached XP level 1. HP: 9/9 MP: 4/4
   190 | D:1      | Reached skill level 4 in Stealth
   241 | D:1      | Reached XP level 2. HP: 3/13 MP: 4/6
   722 | D:1      | Found a faded altar of an unknown god.
  1619 | D:2      | Reached skill level 1 in Short Blades
  1619 | D:2      | Reached XP level 3. HP: 16/16 MP: 7/7
  1695 | D:2      | Learned a level 2 spell: Ensorcelled Hibernation
  1798 | D:2      | Slain by a hound

Illustrated notes

Levels and vault maps discovered:
D:1:      dpeg_arrival_connections, layout_loops_cross, basic_ecumenical_altar
D:2:      layout_loops_ring, serial_shops, shop

Skill      XL: |  1  2 |
---------------+-------+-----
Stealth        | 4 |  4.7
Short Blades   | 1 |  1.2
Dodging        | |  1.7
Spellcasting   | |  2.4
Hexes          | |  3.1

Action                   || total
-------------------------++-------
Melee: Dagger            ||    81
       Bite              ||    20
 Cast: Corona            ||     2
  Use: Scroll            ||     2
 Stab: Sleeping          ||     7
Armor: Robe              ||    17
Dodge: Dodged            ||    41

Table legend: (Time is in decaauts)
 A = Elapsed time spent in this place.
 B = Non-inter-level travel time spent in this place.
 C = Inter-level travel time spent in this place.
 D = Time resting spent in this place.
 E = Time spent auto-exploring this place.
 F = Levels seen in this place.
 G = Mean time per level.
                   A        B        C        D        E       F      G
               +--------+--------+--------+--------+--------+-----+--------+
         Total |   1794 |   1785 |      9 |    442 |   1118 |   2 |  897.0 |
       Dungeon |   1794 |   1785 |      9 |    442 |   1118 |   2 |  897.0 |
               +--------+--------+--------+--------+--------+-----+--------+

Top non-repeatable levels by time:
     D:1: 1598 daAuts
     D:2: 195 daAuts
